 Dungeon Crawl Stone Soup version 0.25.1-2-g60ff931df9 (webtiles) character file.

Game seed: 8957891817775507964

583 MajorAdolf the Covert (level 7, -1/99 HPs)
             Began as a Naga Wanderer on Oct 13, 2020.
             Slain by a black bear (8 damage)
             ... on level 6 of the Dungeon.
             The game lasted 00:12:13 (7102 turns).

MajorAdolf the Covert (Naga Wanderer)               Turns: 7102, Time: 00:12:14

Health: -1/99      AC:  3    Str: 19    XL:     7   Next: 37%
Magic:  7/7        EV:  9    Int: 13    God:
Gold:   380        SH:  0    Dex:  7    Spells: 6/6 levels left

rFire    . . .     SeeInvis +   a - +3 dagger
rCold    . . .     Gourm    .   (no shield)
rNeg     . . .     Faith    .   e - +0 robe
rPois    +         Spirit   .   (no helmet)
rElec    .         Reflect  .   (no cloak)
rCorr    .         Harm     .   (no gloves)
MR       .....                  (no barding)
Stlth    ..........             (no amulet)
HPRegen  0.26/turn              (no ring)
MPRegen  0.10/turn              (no ring)

@: berserking, short of breath, quick
A: large, see invisible, deformed body, poison resistance, slowness 2, slow
metabolism 1, spit poison 1, AC +2
a: Spit Poison


You were on level 6 of the Dungeon.
You were not hungry.

You visited 2 branches of the dungeon, and saw 7 of its levels.

You collected 380 gold pieces.

Inventory:

Hand Weapons
 a - a +3 dagger (weapon)
Missiles
 l - 5 silver javelins (quivered)
Armour
 e - a +0 robe (worn)
Jewellery
 k - an uncursed amulet of faith
Scrolls
 c - a scroll of fear {unknown}
 g - a scroll of amnesia
 m - 2 scrolls of immolation
 p - 2 scrolls of remove curse
 q - 2 scrolls of teleportation
 r - 3 scrolls of identify
 t - 2 scrolls of vulnerability
Potions
 b - a potion of haste
 d - 4 potions of curing
 i - 3 potions of might
 j - a potion of flight
 n - a potion of cancellation
 o - 2 potions of brilliance
Comestibles
 f - 7 rations


   Skills:
 - Level 4.3 Fighting
   Level 1.0 Long Blades
 - Level 1.5 Armour
 + Level 11.5 Stealth
   Level 1.0 Evocations


You had 6 spell levels left.
You didn't know any spells.
Your spell library was empty.

Dungeon Overview and Level Annotations

Branches:
Dungeon (6/15)             Temple (1/1) D:4

Altars:
Ashenzari
Cheibriados
Dithmenos
Elyvilon
Fedhas
Kikubaaqudgha
Makhleb
Nemelex Xobeh
Okawaru
Qazlal
Ru
Sif Muna
Trog
Vehumet
Wu Jian
Xom
Yredelemnul
Zin
The Shining One

Annotations:
D:3 2 transporters, exclusion: downstairs
D:5 exclusion: hippogriff
D:6 exclusion: howler monkey


Innate Abilities, Weirdness & Mutations

You cannot wear boots.
Your serpentine skin is tough. (AC +2)
You have supernaturally acute eyesight. (SInv)
Armour fits poorly on your strangely shaped body.
Your system is resistant to poisons. (rPois)
You cover ground very slowly.
You have a slow metabolism.
You can spit poison.


Message History

The splash of poison hits the black bear.
The black bear is almost dead.
You feel slightly more hungry. The black bear bites you!
* * * LOW HITPOINT WARNING * * *
The black bear claws you but does no damage.
The black bear claws you.
* * * LOW HITPOINT WARNING * * *
A red film seems to cover your vision as you go berserk!
You feel yourself moving faster!
You feel mighty! The black bear bites you.
* * * LOW HITPOINT WARNING * * *
The black bear claws you!
* * * LOW HITPOINT WARNING * * *
The black bear barely misses you. x2; The black bear claws you.
* * * LOW HITPOINT WARNING * * *
The black bear claws you.
* * * LOW HITPOINT WARNING * * *
You completely miss the black bear.
The black bear is almost dead.
The black bear bites you!
You die...

.....# ##.
....# #.. ....
+.. ##... #..
#####..# #.
##..##.# ##
##.#....# #
##.#####.# #.@#
#.#
##h######.#####
### #..#
#........# #..
#..# #.##.###.#
#.# #.## #.##.#
#.# #.# #.#
#.##.###.####.#
#$.
#.##..........#
...#
#.######.######
.... #.# #.#


You could see a black bear (berserk).

Vanquished Creatures
  An ogre (D:3)
  A scorpion (D:4)
  A crimson imp (D:5)
  2 hounds
  2 bullfrog skeletons (D:5)
  An iguana (D:4)
  An orc wizard (D:5)
  3 worker ants
  A hound skeleton (D:5)
  A worker ant zombie (D:5)
  4 adders
  An ooze (D:2)
  2 worms
  A dart slug (D:1)
  3 leopard geckos (D:4)
  11 orcs
  8 bats
  8 giant cockroaches
  8 goblins
  11 hobgoblins
  6 jackals
  A quokka (D:2)
  A ball python (D:2)
  6 frilled lizards
  8 kobolds
  2 leopard gecko zombies
  11 rats
106 creatures vanquished.

Vanquished Creatures (others)
  7 toadstools (D:1)
7 creatures vanquished.

Grand Total: 113 creatures vanquished

Notes
Turn   | Place    | Note
-------+----------+-------------------------------------------
     0 | D:1      | MajorAdolf the Naga Wanderer began the quest for the Orb.
     0 | D:1      | MajorAdolf set off with the following items: a +2 dagger, a
                  | potion of haste, a +0 falchion, a potion of curing, a +0
                  | robe, a ration
     0 | D:1      | Reached XP level 1. HP: 21/21 MP: 1/1
   137 | D:1      | Reached XP level 2. HP: 4/28 MP: 2/2
   905 | D:1      | Reached XP level 3. HP: 31/36 MP: 3/3
  1297 | D:1      | Reached skill level 5 in Stealth
  1332 | D:2      | Found a radiant altar of Vehumet.
  1697 | D:2      | Reached XP level 4. HP: 44/44 MP: 4/4
  2419 | D:3      | Reached skill level 6 in Stealth
  2603 | D:3      | Noticed an ogre
  2618 | D:3      | Killed an ogre
  2618 | D:3      | Reached skill level 7 in Stealth
  2618 | D:3      | Reached XP level 5. HP: 34/51 MP: 5/5
  2768 | D:3      | Reached skill level 8 in Stealth
  3020 | D:3      | Found a transporter.
  3038 | D:3      | Found a transporter.
  3206 | D:3      | Reached XP level 6. HP: 58/58 MP: 6/6
  3430 | D:4      | Reached skill level 9 in Stealth
  3808 | D:4      | Found a staircase to the Ecumenical Temple.
  3823 | Temple   | Entered the Ecumenical Temple
  3977 | D:4      | Found a shattered altar of Ashenzari.
  4031 | D:4      | Found a bloodstained altar of Trog.
  4301 | D:4      | Reached skill level 10 in Stealth
  4847 | D:5      | Entered Level 5 of the Dungeon
  5220 | D:5      | Reached XP level 7. HP: 35/66 MP: 7/7
  5615 | D:5      | Reached skill level 11 in Stealth
  5846 | D:5      | Noticed a hippogriff
  6632 | D:6      | Found a shattered altar of Ashenzari.
  7102 | D:6      | Slain by a black bear

Illustrated notes

Levels and vault maps discovered:
D:1:      nagdon_arrival_double_spiral, layout_loops_ring, minmay_box_of_dots
D:2:      layout_loops_ring, fiery_altar_vehumet, minmay_tromino_v7
D:3:      gammafunk_wand_slinger, layout_basic
D:4:      layout_basic, ashenzari_altar_1, kennysheep_mini_moat,
          minmay_temple_entry_waves, first_ration
D:5:      layout_loops_cross, serial_co_window_serial, co_window_corner_a,
          co_window_of_opportunity_a, co_window_corner_a, co_window_paths_b,
          co_window_of_opportunity_a, co_window_broadway_a,
          co_window_broadway_c, co_window_paths_c, co_window_2corner,
          co_window_of_opportunity_b, co_window_sun, glass_columns_a,
          glass_columns_a, glass_columns_a, minmay_manual_maat
D:6:      black_bear_nest_1, layout_loops_corners, basic_altar
Temple:   nicolae_temple_elliptical

Skill      XL: |  1  2  3  4  5  6  7 |
---------------+----------------------+-----
Fighting       | 4 |  4.3
Stealth        | 5 7 8 10 11 | 11.5
Long Blades    | |  1.0
Armour         | |  1.5
Evocations     | |  1.0

Action                   |  1- 3 |  4- 6 |  7- 9 || total
-------------------------+-------+-------+-------++-------
Melee: Dagger            |    92 |   139 |   109 ||   340
 Abil: Spit Poison       |    19 |    38 |     9 ||    66
  Use: Scroll            |       |    11 |     2 ||    13
       Potion            |       |       |     1 ||     1
 Stab: Sleeping          |     7 |     6 |     3 ||    16
  Eat: Chunk             |     3 |    10 |     3 ||    16
       Ration            |       |       |     1 ||     1
Armor: Robe              |    23 |    23 |    23 ||    69
Dodge: Dodged            |    74 |    58 |    53 ||   185
